 Dungeon Crawl Stone Soup version 0.14-a0-3167-gc8df72d (webtiles) character file.

18122 Froboctopus the Arsonist (level 12, -20/81 HPs)
             Began as a Lava Orc Fire Elementalist on Mar 10, 2014.
             Was a High Priest of Vehumet.
             Killed from afar by an ice dragon (48 damage)
             ... with a blast of cold
             ... on Level 5 of the Lair of Beasts.
             The game lasted 00:51:02 (13208 turns).

Froboctopus the Arsonist (LOFE)                    Turns: 13208, Time: 00:51:02

HP -20/81        AC 13     Str 12      XL: 12   Next: 19%
MP   3/25        EV 12     Int 19      God: Vehumet [*****.]
Gold 672         SH  0     Dex 11      Spells:  5 memorised,  5 levels left

rFire  + + +     SeeInvis .     a - +2 flail (protect)
rCold  x . .     Clarity  .     o - +0 robe
rNeg   + . .     Conserve .     (no shield)
rPois  .         rCorr    .     K - +2 hat
rElec  .         rRot     .     D - +0 cloak
SustAb . .       Spirit   .     v - +1 pair of gloves
rMut   .         Warding  .     q - +0 pair of boots
Gourm  +         Stasis   .     r - amulet of the gourmand
MR     .....                    p - ring of positive energy {unknown}
                                k - ring of wizardry

@: non-regenerating, lethally poisoned, diseased, very slightly contaminated,
not resistant to hostile enchantments, fairly stealthy
A: conserve scrolls, saprovore 1
a: Renounce Religion


You were on level 5 of the Lair of Beasts.
You worshipped Vehumet.
Vehumet was extremely pleased with you.
You were very full.

You visited 3 branches of the dungeon, and saw 14 of its levels.

You collected 672 gold pieces.

Inventory:

Hand weapons
 a - a +2,+2 flail of protection (weapon)
 s - the +3,+5 scimitar of Execution {slice, rF++}
   (You found it on level 1 of the Lair of Beasts)

   It inflicts extra damage upon your enemies.
   It greatly protects you from fire.
Armour
 o - a +0 robe (worn)
 q - a +0 pair of boots (worn)
 v - a +1 pair of gloves (worn)
 D - a +0 cloak (worn)
 K - a +2 hat (worn)
Magical devices
 x - a wand of confusion (21)
 y - a wand of fire (3)
Comestibles
 c - 2 meat rations
 l - 4 bread rations
 m - a beef jerky
 F - 9 strawberries
 G - an apple
 H - a chunk of crocodile flesh
 I - 2 honeycombs
Scrolls
 e - 3 scrolls of blinking
 g - 4 scrolls of fog
 j - 3 scrolls of teleportation
 t - 2 scrolls of remove curse
 w - a scroll of magic mapping
Jewellery
 d - an uncursed ring of protection from fire
 k - a ring of wizardry (left hand)
 p - a ring of positive energy (right hand) {unknown}
 r - an amulet of the gourmand (around neck)
Potions
 b - 2 potions of speed
 f - 2 potions of magic
 h - 5 potions of curing
 i - 3 potions of brilliance {unknown}
 n - a potion of flight
 u - 3 potions of confusion {unknown}
 z - a potion of heal wounds
 A - a potion of lignification {unknown}
 B - 2 potions of might
 C - a potion of berserk rage {unknown}
 E - a potion of porridge
 J - a potion of agility {unknown}


   Skills:
 - Level 1.6 Dodging
 - Level 1.6 Stealth
 - Level 6.0 Spellcasting
 * Level 12.9 Conjurations
 + Level 13.8 Fire Magic
 + Level 6.6 Earth Magic


You had 5 spell levels left.
You knew the following spells:

 Your Spells              Type           Power        Failure   Level  Hunger
a - Flame Tongue          Conj/Fire      #####        1%          1    None
b - Conjure Flame         Conj/Fire      #######.     1%          3    ##.....
c - Sticky Flame          Conj/Fire      #######.     1%          4    ####...
d - Fireball              Conj/Fire      #######...   1%          5    #####..
e - Bolt of Magma         Conj/Fire/Erth #######...   1%          5    #####..


Dungeon Overview and Level Annotations

Branches:
Dungeon (9/16)             Temple (1/1) D:4            Lair (5/8) D:8
    Orc: D:9-12       Swamp: Lair:3-6    Shoals: Lair:3-6     Snake: Lair:3-6
 Spider: Lair:3-6

Altars:
Cheibriados
Dithmenos
Elyvilon
Fedhas
Kikubaaqudgha
Makhleb
Nemelex Xobeh
Okawaru
Sif Muna
Trog
Vehumet
Xom
Yredelemnul
Zin
The Shining One

Shops:
D:7 (


Innate Abilities, Weirdness & Mutations

You have stony skin.
Your flesh is almost immune to the effects of heat.
Your fire spells are more powerful.
Your flesh is vulnerable to cold.
Your heat harms attackers.
You bathe your surroundings in blazing heat.
You are too hot to use scrolls.
You are very good at protecting items from fire.
You can tolerate rotten meat.


Message History

The black mamba burns!
The black mamba is burned by your radiant heat.
The black mamba is severely wounded.
The black mamba bites you but does no damage.
The black mamba is singed by your heat.
The black mamba is almost dead.
Unknown command.
You feel sick.
The black mamba burns!
The black mamba closely misses you.
You feel sick.
The plant is burned by your radiant heat.
The plant is lightly damaged.
The black mamba burns!
You kill the black mamba!
Vehumet accepts your kill.
You feel your power returning. The ice dragon breathes frost at you.
The blast of cold hits the plant.
The blast of cold hits you!
You feel a terrible chill!
Ouch! That really hurt!
You die...

............
................
..#.#..#.........
###.f....#.#........
...#...................#
..........!............#
.......................#
..##........D............
$.#.#P..W...###P@#P###.#
..#.....D###.....###
...........W........
.....?...............
...D...%.............
.%..........$........
......................
##.....#...###.#.....
####..###### .#####


You could see an ice dragon and a freezing wraith.

Vanquished Creatures
  A hydra (Lair:5)
  The ghost of MackTheKnife the Archer, an experienced CeHu of Okawaru (D:8)
  Pikel (D:5)
  A griffon (Lair:5)
  A black mamba (Lair:5)
  4 spiny frogs
  A blue devil (Lair:5)
  Grinder (D:3)
  3 freezing wraiths (Lair:5)
  2 komodo dragons
  A troll (D:8)
  19 blink frogs
  4 yaks (Lair:2)
  A steam dragon (D:8)
  3 wolves (Lair:2)
  4 hippogriffs
  A necrophage (D:9)
  Menkaure (D:6)
  3 porcupines
  5 water moccasins
  12 iguanas
  A black bear (D:4)
  4 orc warriors
  An ice beast (D:6)
  A phantom (D:4)
  8 ogres
  A sky beast (D:9)
  7 centaurs
  Sigmund (D:3)
  6 giant slugs (Lair:2)
  7 crocodiles
  8 giant frogs
  2 scorpions
  A hippogriff skeleton (D:6)
  A goliath beetle (D:8)
  A crimson imp (D:9)
  4 hounds
  8 orc priests
  A jelly (D:9)
  3 orc wizards
  4 worker ants
  3 giant frog skeletons
  Natasha (thrice) (D:3)
  12 sheep (Lair:2)
  Jessica (D:3)
  Terence (D:3)
  2 hound skeletons
  A worker ant zombie (D:6)
  14 adders
  12 gnolls
  30 green rats
  3 orc skeletons
  A worm zombie (D:5)
  4 giant mites
  5 worms
  8 giant geckos
  An ooze (D:5)
  31 orcs
  2 ball pythons
  6 giant cockroaches
  12 hobgoblins
  8 jackals
  10 quokkas
  13 bats
  6 giant newts
  A giant newt skeleton (D:4)
  A gnoll skeleton (D:4)
  12 goblins
  A jackal zombie (D:6)
  21 kobolds
  A kobold skeleton (D:4)
  15 rats
  A rat skeleton (D:6)
  A fungus (Lair:2)
383 creatures vanquished.

Vanquished Creatures (others)
  A slave (D:5)
  An ogre (D:6)
  A centaur (D:5)
  An iguana (D:6)
  2 adders (D:6)
  2 orcs
  2 goblins
  A hobgoblin (D:5)
  A bat (D:6)
  2 rats (D:6)
  2 fungi
16 creatures vanquished.

Grand Total: 399 creatures vanquished

Notes
Turn   | Place    | Note
--------------------------------------------------------------
     0 | D:1      | Froboctopus, the Lava Orc Fire Elementalist, began the quest for the Orb.
     0 | D:1      | Reached XP level 1. HP: 14/14 MP: 2/2
   281 | D:1      | Reached skill level 4 in Fire Magic
   430 | D:1      | Reached XP level 2. HP: 20/20 MP: 0/3
  1107 | D:2      | Found a blossoming altar of Fedhas.
  1171 | D:2      | Reached XP level 3. HP: 16/26 MP: 0/6
  1947 | D:3      | Learned a level 3 spell: Conjure Flame
  2000 | D:3      | Noticed Natasha
  2015 | D:3      | Reached XP level 4. HP: 31/33 MP: 4/8
  2026 | D:3      | Killed Natasha
  2231 | D:4      | Found a bloodstained altar of Trog.
  2485 | D:4      | Learned a level 4 spell: Sticky Flame
  2631 | D:4      | Noticed a phantom
  2666 | D:4      | Killed a phantom
  2666 | D:4      | Reached XP level 5. HP: 25/38 MP: 0/11
  2789 | D:4      | Noticed an ogre
  2790 | D:4      | Noticed an ogre
  2806 | D:4      | Reached XP level 6. HP: 35/45 MP: 11/13
  2813 | D:4      | Noticed a black bear
  2822 | D:4      | Killed a black bear
  2825 | D:4      | Killed an ogre
  2838 | D:4      | Killed an ogre
  2838 | D:4      | Reached skill level 5 in Conjurations
  2838 | D:4      | Reached XP level 7. HP: 38/50 MP: 1/17
  2958 | D:4      | Learned a level 5 spell: Fireball
  3283 | D:4      | Found a staircase to the Ecumenical Temple.
  3307 | Temple   | Entered the Ecumenical Temple
  3438 | D:3      | Noticed Grinder
  3438 | D:3      | Paralysed by Grinder for 4 turns
  3449 | D:3      | Killed Grinder
  3449 | D:3      | Reached skill level 5 in Spellcasting
  3449 | D:3      | Reached skill level 6 in Conjurations
  3507 | D:3      | Noticed Natasha
  3508 | D:3      | Killed Natasha
  3519 | D:3      | Noticed Natasha
  3523 | D:3      | Killed Natasha
  3659 | D:3      | Noticed an ogre
  3668 | D:3      | Killed an ogre
  3668 | D:3      | Reached XP level 8. HP: 14/57 MP: 13/20
  3809 | D:3      | Noticed Terence
  3815 | D:3      | Killed Terence
  3964 | D:3      | Noticed Sigmund
  3990 | D:3      | Killed Sigmund
  4228 | D:3      | Noticed Jessica
  4231 | D:3      | Killed Jessica
  4504 | D:5      | Entered Level 5 of the Dungeon
  4504 | D:5      | Noticed Pikel
  4506 | D:5      | Reached skill level 5 in Fire Magic
  4512 | D:5      | Killed Pikel
  4512 | D:5      | Reached skill level 7 in Conjurations
  4633 | D:5      | Learned a level 5 spell: Bolt of Magma
  4820 | D:5      | Reached XP level 9. HP: 62/62 MP: 14/22
  4829 | D:5      | Found a deep blue altar of Sif Muna.
  4832 | D:5      | Found a basalt altar of Yredelemnul.
  4832 | D:5      | Found a white marble altar of Elyvilon.
  4978 | D:5      | Found a radiant altar of Vehumet.
  4983 | D:5      | Became a worshipper of Vehumet
  5457 | D:6      | Found a shimmering altar of Xom.
  5624 | D:6      | Reached skill level 8 in Conjurations
  5743 | D:6      | Noticed Menkaure
  5861 | D:6      | Killed Menkaure
  5885 | D:6      | Acquired Vehumet's first power
  5885 | D:6      | Offered knowledge of Sandblast by Vehumet.
  6530 | D:7      | Found Daidaof's Weapon Shop.
  6624 | D:7      | Reached skill level 9 in Conjurations
  6740 | D:7      | Found an ancient bone altar of Kikubaaqudgha.
  6742 | D:7      | Found a sparkling altar of Nemelex Xobeh.
  6759 | D:7      | Reached skill level 1 in Earth Magic
  6782 | D:7      | Found a blossoming altar of Fedhas.
  6870 | D:7      | Offered knowledge of Searing Ray by Vehumet.
  7043 | D:8      | Noticed MackTheKnife's ghost (experienced CeHu)
  7145 | D:8      | Identified a scroll of acquirement
  7146 | D:8      | Got a pair of jewelled boots
  7149 | D:8      | Identified the -3 pair of boots of Magic {rN+} (You acquired it on level 8 of the Dungeon)
  7324 | D:8      | HP: 3/62 [MackTheKnife's ghost (17)]
  7326 | D:8      | Killed MackTheKnife's ghost
  7326 | D:8      | Reached XP level 10. HP: 3/69 MP: 4/24
  7765 | D:8      | Reached skill level 5 in Earth Magic
  7780 | D:8      | Offered knowledge of Stone Arrow by Vehumet.
  7988 | D:8      | Found a radiant altar of Vehumet.
  8139 | D:8      | Found a staircase to the Lair.
  8379 | D:9      | Acquired Vehumet's second power
  8671 | D:9      | Offered knowledge of Airstrike by Vehumet.
  9275 | Lair:1   | Entered Level 1 of the Lair of Beasts
  9285 | Lair:1   | Reached skill level 10 in Conjurations
  9453 | Lair:1   | Reached skill level 10 in Fire Magic
  9501 | Lair:1   | Got an ancient scimitar
  9502 | Lair:1   | Identified the +3,+5 scimitar of Execution {slice, rF++} (You found it on level 1 of the Lair of Beasts)
  9701 | Lair:1   | Acquired Vehumet's third power
  9703 | Lair:1   | Reached skill level 11 in Fire Magic
  9703 | Lair:1   | Reached XP level 11. HP: 37/74 MP: 8/25
 10098 | Lair:2   | Offered knowledge of Iskenderun's Mystic Blast by Vehumet.
 10690 | Lair:2   | Found a snail-covered altar of Cheibriados.
 10916 | Lair:2   | Offered knowledge of Bolt of Fire by Vehumet.
 10916 | Lair:2   | Reached skill level 12 in Fire Magic
 12333 | Lair:3   | Reached skill level 13 in Fire Magic
 12425 | Lair:3   | You fall through a shaft for 2 floors!
 12726 | Lair:5   | Noticed a six-headed hydra
 12730 | Lair:5   | Killed a six-headed hydra
 12741 | Lair:5   | Reached XP level 12. HP: 78/81 MP: 8/25
 12801 | Lair:5   | Noticed an ice dragon
 13097 | Lair:5   | Noticed an ice dragon
 13141 | Lair:5   | Noticed an ice dragon
 13142 | Lair:5   | Noticed an ice dragon
 13143 | Lair:5   | Noticed an ice dragon
 13208 | Lair:5   | Killed from afar by an ice dragon

Action                   |  1- 3 |  4- 6 |  7- 9 | 10-12 || total
-------------------------+-------+-------+-------+-------++-------
Melee: Unarmed           |     6 |       |       |       ||     6
       Dagger            |    75 |    51 |    41 |       ||   167
       Flail             |       |       |     9 |    62 ||    71
       Scimitar          |       |       |       |     6 ||     6
 Cast: Flame Tongue      |    68 |    47 |   278 |   395 ||   788
       Conjure Flame     |       |     1 |     7 |     6 ||    14
       Sticky Flame      |       |     1 |    19 |    45 ||    65
       Bolt of Magma     |       |       |     5 |    16 ||    21
       Fireball          |       |       |     3 |    29 ||    32
Evoke: Wand              |       |       |     2 |     3 ||     5
  Use: Potion            |       |     1 |       |     2 ||     3
       Scroll            |       |     4 |    13 |     4 ||    21
